Map: Nightshade LE

Players

A.I. 1 (Very Easy)

  • Race: Terran Terran
  • Spawn Location: 5:00

Cyanine - Winner!

  • Race: Terran Terran
  • League: Grandmaster
  • Spawn Location: 11:00

VOD

Have the link to the VOD?

Description

Time

  • Played on: March 6, 2020, 1:13 p.m.
  • Length: 11:28
Show
View Real Time Build Order
Export as new Build Order

A.I. 1 (Very Easy) Terran 

Build Orders: Reaper Expand 

Get SALT Encoding   

  12  0:00  SCV  
  13  0:13  SCV  
  14  0:17  Supply Depot  
  14  0:42  Barracks  
  14  1:03  Command Center  
  14  1:30  Orbital Command, Supply Depot  
  14  1:31  Marine  
  15  1:36  Refinery  
  15  1:48  Refinery  
  15  1:56  SCV  
  16  2:08  SCV  
  17  2:16  Reaper  
  17  2:20  SCV  
  17  2:21  SCV  
  20  2:32  SCV  
  20  2:36  SCV  
  22  2:44  SCV  
  22  2:50  SCV  
  24  2:57  SCV  
  25  3:02  Marine  
  25  3:03  Refinery  
  25  3:04  SCV  
  27  3:11  SCV  
  28  3:18  SCV, Factory  
  28  3:42  Refinery  
  28  3:43  SCV  
  29  3:48  Marine  
  29  3:50  SCV  
  31  3:57  SCV  
  31  3:59  Supply Depot  
  32  4:04  SCV  
  32  4:05  Starport  
  32  4:08  Barracks Tech Lab  
  32  4:11  SCV  
  33  4:18  SCV  
  34  4:25  SCV  
  35  4:33  SCV  
  35  4:35  Marauder  
  38  4:40  SCV  
  38  4:44  Starport Tech Lab, Supply Depot  
  39  4:47  SCV  
  40  4:54  SCV  
  41  5:01  SCV  
  41  5:02  Raven  
  44  5:09  SCV  
  44  5:16  SCV  
  45  5:21  Marine  
  45  5:23  SCV  
  47  5:30  SCV  
  48  5:37  SCV  
  49  5:45  Raven  
  51  6:08  Marine  
  52  6:30  SCV  
  52  6:55  Marauder  
  53  7:30  SCV  
  53  10:02  Marine  
  48  10:09  Raven  
  43  10:15  Supply Depot  
  43  10:17  SCV  
  24  10:29  SCV  
  24  10:31  Hellion  
  26  10:41  SCV  
  26  10:47  Supply Depot  
  5  10:58  Factory Tech Lab  
Show
View Real Time Build Order
Export as new Build Order

Cyanine Terran - Winner!

Build Orders: Gas First Reaper Expand, Mech 

Get SALT Encoding   

  12  0:00  SCV  
  13  0:13  SCV  
  14  0:17  Supply Depot  
  14  0:25  SCV  
  15  0:31  Refinery  
  15  0:39  SCV  
  16  0:43  Barracks  
  16  0:51  SCV  
  17  1:03  SCV  
  18  1:15  SCV  
  19  1:30  Orbital Command, Reaper  
  20  1:41  Command Center  
  20  1:51  Factory  
  20  1:56  SCV  
  20  2:00  Refinery  
  21  2:08  Reaper  
  22  2:12  SCV, Supply Depot  
  23  2:33  SCV  
  23  2:35  Hellion  
  26  2:37  Starport  
  26  2:40  Barracks Tech Lab  
  26  2:45  SCV  
  27  2:54  Orbital Command  
  27  2:57  SCV  
  28  3:08  Cyclone  
  28  3:10  SCV  
  28  3:11  Barracks Tech Lab  
  32  3:16  Refinery  
  32  3:22  SCV x2  
  34  3:34  SCV x2  
  36  3:39  Raven  
  38  3:42  Refinery  
  38  3:44  Widow Mine  
  38  3:46  SCV x2  
  42  3:55  Supply Depot  
  42  3:58  SCV x2  
  42  4:00  Mag-Field Accelerator  
  44  4:10  SCV x2  
  44  4:11  Command Center  
  46  4:17  Cyclone  
  46  4:19  Supply Depot  
  49  4:25  Raven  
  49  4:27  SCV x2  
  53  4:39  SCV  
  53  4:41  SCV, Supply Depot  
  53  4:42  Supply Depot  
  53  4:44  Barracks Tech Lab  
  55  4:46  Barracks Reactor  
  55  4:50  Cyclone  
  55  4:51  SCV  
  59  4:53  SCV  
  60  5:03  SCV  
  60  5:04  Supply Depot  
  60  5:05  SCV  
  62  5:11  Factory x2  
  62  5:15  SCV  
  62  5:17  SCV  
  62  5:20  Starport Reactor  
  64  5:22  Cyclone  
  64  5:23  Orbital Command  
  64  5:27  SCV  
  68  5:29  SCV  
  69  5:40  SCV  
  69  5:41  SCV  
  71  5:52  SCV, Orbital Command  
  71  5:53  SCV  
  71  5:54  Siege Tank  
  71  5:55  Siege Tank  
  71  5:56  Viking x2  
  83  6:03  Refinery  
  83  6:04  SCV  
  84  6:05  SCV  
  85  6:11  Refinery  
  85  6:16  SCV  
  85  6:17  SCV, Supply Depot  
  88  6:18  SCV  
  88  6:21  Hellion x2  
  92  6:26  Siege Tank, Viking x2  
  92  6:28  SCV  
  92  6:29  SCV  
  101  6:38  Supply Depot  
  101  6:39  SCV, Siege Tank  
  105  6:42  Supply Depot  
  105  6:43  SCV x2, Supply Depot x2  
  105  6:45  Engineering Bay  
  107  6:49  Hellion  
  109  6:59  SCV x3, Siege Tank  
  109  7:00  Hellion  
  117  7:04  Barracks Reactor, Factory x2  
  117  7:06  Supply Depot  
  117  7:11  SCV x3, Hellion, Siege Tank  
  117  7:12  Viking  
  117  7:15  Viking  
  129  7:19  Supply Depot  
  129  7:24  Armory  
  129  7:27  Armory  
  129  7:31  SCV  
  129  7:35  Command Center  
  130  7:37  Sensor Tower  
  130  7:40  Hellion x2  
  134  7:45  Sensor Tower  
  134  7:51  SCV  
  134  7:52  SCV  
  134  7:53  SCV  
  134  7:55  Siege Tank x2  
  134  7:56  Hellion x2  
  134  7:57  Factory Tech Lab  
  147  7:59  Medivac  
  149  8:07  SCV x2  
  149  8:11  Supply Depot  
  149  8:12  Supply Depot  
  151  8:19  Terran Vehicle And Ship Armor Level 1, Terran Vehicle Weapons Level 1  
  151  8:20  Hellion  
  151  8:21  Hellion x2  
  157  8:31  Supply Depot  
  157  8:33  Hellion, Siege Tank  
  157  8:34  Siege Tank x2  
  168  8:35  Supply Depot  
  168  8:36  Supply Depot  
  168  8:39  Infernal Pre-Igniter  
  168  8:55  Hellion x4  
  176  8:56  Medivac  
  176  8:57  Medivac  
  176  8:59  Refinery  
  180  9:03  Refinery  
  180  9:05  Siege Tank  
  180  9:06  Siege Tank  
  186  9:16  Planetary Fortress  
  186  9:17  Hellion x2  
  186  9:18  Hellion x2  
  186  9:22  SCV  
  195  9:33  Sensor Tower  
  195  9:37  Missile Turret  
  195  9:38  Command Center  
  195  9:42  Hellion  
  195  9:43  Missile Turret  
  195  9:44  Missile Turret x2  
  195  9:45  Siege Tank, Missile Turret  
  198  10:08  Medivac  
  200  10:30  Factory  
  200  10:31  Factory  
  200  10:42  Command Center  
  200  10:45  Command Center x3  
  200  11:15  Factory Tech Lab x2  
Tags
 
Add a new tag
Caveats
  • Supply blocks, unpowered buildings, or Contaminate may cause inaccurate times.
  • Supply counts are checked every 10 seconds.